Map: Catalyst LE

Players

Bali

  • Race: Protoss Protoss
  • League: Diamond
  • Spawn Location: 11:00

Ryuotaikun - Winner!

  • Race: Zerg Zerg
  • League: Gold
  • Spawn Location: 5:00

VOD

Have the link to the VOD?

Description

Junior Star League Season 2 - Evolution
Group Phase, Week 3
ZvP Macro Game

Time

  • Played on: May 5, 2018, 1:03 p.m.
  • Length: 14:14
Show
View Real Time Build Order
Export as new Build Order

Bali Protoss 

Build Orders: 1 Gate Expand, Oracle Opening 

Get SALT Encoding   

  12  0:00  Probe  
  13  0:12  Probe  
  14  0:20  Pylon  
  14  0:25  Probe  
  15  0:38  Probe  
  15  0:42  Gateway  
  16  0:50  Probe  
  16  0:51  Assimilator  
  17  1:00  Probe  
  18  1:08  Probe  
  18  1:17  Probe  
  20  1:36  Probe  
  20  1:38  Nexus  
  21  1:45  Cybernetics Core  
  21  1:48  Probe  
  22  1:55  Pylon  
  22  2:00  Assimilator  
  22  2:01  Probe  
  23  2:12  Warp Gate  
  23  2:13  Adept, Probe  
  26  2:25  Probe  
  27  2:44  Adept  
  27  2:47  Stargate  
  27  2:51  Probe  
  28  2:57  Shield Battery  
  30  2:58  Gateway  
  30  3:03  Probe  
  30  3:20  Gateway  
  30  3:21  Probe x2  
  32  3:27  Oracle, Pylon  
  32  3:28  Adept  
  34  3:36  Shield Battery  
  37  3:50  Probe  
  37  3:52  Adept  
  40  4:04  Oracle  
  43  4:27  Probe  
  43  4:28  Probe  
  45  4:40  Probe x2  
  47  4:50  Nexus  
  47  4:52  Probe x2  
  49  4:55  Oracle  
  49  5:04  Probe x2  
  54  5:15  Pylon  
  54  5:16  Pylon  
  54  5:19  Twilight Council  
  54  5:25  Gateway  
  54  5:26  Oracle, Gateway  
  54  5:27  Gateway  
  54  5:33  Probe  
  54  5:34  Probe  
  59  5:44  Assimilator  
  59  5:46  Probe x2  
  59  5:47  Assimilator  
  60  5:58  Probe x2  
  62  6:07  Robotics Facility  
  62  6:10  Probe  
  62  6:11  Probe  
  63  6:23  Probe x2  
  65  6:31  Charge, Probe x2  
  65  6:33  Probe  
  65  6:36  Oracle  
  65  6:39  Probe  
  71  6:43  Warp Prism  
  71  6:45  Probe  
  73  6:47  Pylon  
  73  6:48  Pylon  
  73  6:50  Probe  
  73  6:51  Probe  
  77  6:58  Probe  
  78  7:02  Probe, Zealot x3  
  78  7:05  Probe  
  78  7:06  Pylon x2  
  78  7:07  Pylon  
  86  7:10  Probe  
  86  7:14  Pylon, Probe  
  88  7:15  Pylon  
  88  7:18  Probe  
  89  7:37  Probe x3  
  89  7:49  Probe  
  90  7:56  Probe x2  
  89  8:01  Probe  
  89  8:03  Pylon  
  89  8:04  Pylon  
  90  8:06  Assimilator  
  90  8:08  Probe x2  
  90  8:11  Immortal, Gateway  
  92  8:12  Gateway  
  92  8:13  Probe, Gateway x2  
  92  8:16  Templar Archives, Gateway  
  92  8:17  Assimilator  
  92  8:18  Gateway  
  97  8:20  Probe  
  98  8:27  Zealot x4  
  98  8:28  Zealot x2  
  110  8:39  Phoenix  
  112  8:41  Probe x3  
  114  8:52  Stalker x4  
  114  8:53  Stalker  
  97  9:05  Phoenix  
  90  9:18  Stalker x4  
  91  9:32  High Templar  
  91  9:33  High Templar x4  
  91  9:37  Archon x2  
  101  9:40  Phoenix  
  101  9:44  Probe x2  
  105  9:53  High Templar x3  
  105  9:56  Probe  
  105  9:57  Psionic Storm  
  112  10:05  Archon  
  112  10:11  Nexus  
  112  10:14  Forge  
  112  10:15  Forge  
  112  10:21  Probe x2  
  112  10:25  Phoenix  
  114  10:33  Probe  
  102  10:57  Warp Prism  
  102  10:59  Probe x2  
  106  11:11  Probe  
  106  11:12  Protoss Ground Weapons Level 1, Protoss Ground Armor Level 1  
  106  11:16  Zealot x3  
  106  11:17  Zealot x5  
  121  11:46  High Templar x2  
  113  11:48  Probe x2  
  115  11:54  Assimilator  
  115  12:00  Probe x2  
  115  12:10  Phoenix  
  109  12:15  Pylon  
  109  12:22  Pylon  
  102  12:29  Zealot x3  
  105  12:34  Probe x2  
  96  12:39  Phoenix  
  96  12:43  Zealot x4  
  100  12:46  Probe  
  97  12:52  High Templar  
  97  12:54  Probe  
  98  12:58  Probe  
  99  13:06  Probe  
  98  13:13  Zealot x5  
  94  13:37  Zealot x6  
  94  13:38  Nexus  
Show
View Real Time Build Order
Export as new Build Order

Ryuotaikun Zerg - Winner!

Build Orders: Hatch First, Muta Ling Bane 

Get SALT Encoding   

  12  0:01  Drone  
  13  0:13  Overlord  
  13  0:20  Drone  
  14  0:31  Drone x2  
  14  0:35  Drone  
  17  1:02  Drone x2  
  17  1:03  Hatchery  
  18  1:04  Extractor  
  17  1:18  Spawning Pool  
  16  1:21  Drone  
  17  1:28  Drone  
  18  1:38  Drone  
  19  1:42  Overlord  
  19  2:05  Queen  
  19  2:08  Metabolic Boost  
  21  2:10  Zergling x4  
  23  2:16  Queen  
  23  2:18  Drone x2  
  27  2:26  Drone x2  
  29  2:45  Zergling x6  
  29  2:49  Queen  
  34  2:53  Overlord  
  34  2:57  Drone  
  35  3:09  Drone  
  36  3:20  Drone  
  36  3:21  Drone x4  
  36  3:26  Hatchery  
  40  3:30  Overlord  
  40  3:31  Overlord  
  40  3:33  Overlord  
  40  3:51  Baneling Nest  
  39  3:56  Drone x5  
  44  4:06  Zergling x14  
  51  4:16  Lair  
  51  4:20  Extractor, Drone x2  
  51  4:21  Extractor  
  51  4:26  Spore Crawler  
  51  4:28  Spore Crawler  
  49  4:31  Zergling x10  
  49  4:35  Baneling x3  
  52  4:40  Queen  
  54  4:58  Zergling x16  
  62  5:00  Baneling x3  
  62  5:06  Extractor  
  61  5:17  Drone x3  
  61  5:18  Drone x2  
  61  5:19  Drone  
  67  5:50  Drone x7  
  72  6:03  Drone  
  73  6:06  Overlord  
  73  6:07  Overlord  
  73  6:08  Overlord  
  73  6:09  Overlord  
  73  6:17  Drone  
  73  6:21  Drone x2  
  73  6:22  Drone  
  73  6:24  Hatchery  
  71  6:34  Spire  
  71  6:38  Extractor x2  
  71  6:39  Drone x3  
  71  6:40  Drone x3  
  74  6:54  Centrifical Hooks  
  74  7:02  Evolution Chamber x2  
  68  7:40  Queen  
  68  7:41  Queen  
  68  7:45  Zerg Melee Weapons Level 1  
  68  7:46  Zerg Ground Armor Level 1  
  65  7:53  Mutalisk x9  
  65  7:57  Zergling x34  
  99  8:26  Drone x11  
  109  8:36  Infestation Pit  
  86  9:23  Mutalisk x9  
  104  9:30  Hive  
  102  9:31  Drone  
  102  9:32  Drone  
  102  9:55  Zergling x2  
  102  9:56  Zergling x18  
  112  10:05  Overlord x2  
  112  10:06  Overlord x3  
  112  10:10  Zerg Flyer Weapons Level 1  
  112  10:15  Queen, Hatchery x2  
  112  10:30  Hatchery  
  99  10:46  Zergling x16  
  99  10:47  Zergling x20  
  117  10:53  Zerg Melee Weapons Level 2  
  117  10:54  Zerg Ground Armor Level 2, Ultralisk Cavern  
  114  11:03  Drone x12  
  124  11:06  Extractor  
  124  11:08  Extractor  
  122  11:26  Corruptor x8  
  127  11:43  Ultralisk  
  131  11:59  Drone x18  
  131  12:00  Drone  
  148  12:31  Ultralisk x2  
  148  12:32  Zergling x2  
  157  13:08  Drone x3  
  157  13:09  Spire, Drone x3  
  157  13:11  Zergling x6  
  162  13:13  Zergling x4  
  161  13:34  Extractor  
  161  13:36  Zergling x2, Extractor  
  161  13:38  Extractor x2  
  161  13:39  Baneling  
  161  13:40  Baneling x7  
  158  13:42  Baneling x7  
  158  13:43  Baneling x17  
  158  13:44  Overlord x17  
Tags
 
Add a new tag
Caveats
  • Supply blocks, unpowered buildings, or Contaminate may cause inaccurate times.
  • Supply counts are checked every 10 seconds.